 Dungeon Crawl Stone Soup version 0.29-a0-529-gfa20dd96a1 (webtiles) character file.

Game seed: 7047466649952662431

1353 bande the Carver (level 8, -2/64 HPs)
             Began as a Gnoll Wanderer on June 2, 2022.
             Was a Follower of Okawaru.
             Slain by a black bear (3 damage)
             ... on level 6 of the Dungeon.
             The game lasted 00:13:53 (9009 turns).

bande the Carver (Gnoll Wanderer)                   Turns: 9009, Time: 00:13:53

Health: -2/64      AC: 10    Str: 13    XL:     8   Next: 63%
Magic:  13/13      EV:  7    Int: 11    God:    Okawaru [*.....]
Gold:   253        SH:  0    Dex: 13    Spells: 13/13 levels left

rFire   . . .      SeeInvis .   a - +2 falchion
rCold   . . .      Faith    .   (no shield)
rNeg    . . .      Spirit   .   q - +0 chain mail
rPois   .          Reflect  .   (no helmet)
rElec   .          Harm     .   (no cloak)
rCorr   +          Rampage  .   (no gloves)
Will    .....                   c - +0 pair of boots
Stlth   ..........              (no amulet)
HPRegen 0.20/turn               i - ring of resist corrosion
MPRegen 0.13/turn               (no ring)

@: no status effects
A: fangs 1, strong nose, distributed training
a: Renounce Religion, Heroism


You were on level 6 of the Dungeon.
You worshipped Okawaru.
Okawaru was aware of your devotion.
You visited 2 branches of the dungeon, and saw 7 of its levels.

You collected 253 gold pieces.

Inventory:

Hand Weapons
 a - a +2 falchion (weapon)
 k - a +0 war axe
 y - a +0 shortbow
Armour
 c - a +0 pair of boots (worn)
 q - a +0 chain mail (worn)
 w - a +0 pair of boots
Magical Staves
 B - a staff of fire
Jewellery
 f - a ring of wizardry
 g - a ring of fire
 i - a ring of resist corrosion (left hand)
 x - an amulet of magic regeneration
Wands
 v - a wand of paralysis (9)
Scrolls
 h - 3 scrolls of teleportation
 j - a scroll of blinking
 n - 3 scrolls of vulnerability
 o - 2 scrolls of magic mapping
Potions
 e - a potion of berserk rage
 l - a potion of ambrosia
 m - 4 potions of flight
 p - a potion of lignification {unknown}
 r - a potion of magic {unknown}
 s - a potion of mutation
 t - a potion of invisibility {unknown}
 z - a potion of brilliance {unknown}
 A - 2 potions of haste


   Skills:
 + Level 5.8 Fighting
 + Level 3.4 Short Blades
 + Level 9.2 Long Blades
 + Level 3.4 Axes
 + Level 3.4 Maces & Flails
 + Level 3.4 Polearms
 + Level 3.4 Staves
 + Level 3.4 Slings
 + Level 3.4 Bows
 + Level 4.3 Crossbows
 + Level 3.4 Throwing
 + Level 4.3 Armour
 + Level 5.8 Dodging
 + Level 3.4 Stealth
 + Level 3.4 Shields
 + Level 3.4 Unarmed Combat
 + Level 3.4 Spellcasting
 + Level 2.8 Conjurations
 + Level 2.8 Hexes
 + Level 2.8 Summonings
 + Level 2.8 Necromancy
 + Level 2.8 Translocations
 + Level 2.8 Transmutations
 + Level 2.8 Fire Magic
 + Level 2.8 Ice Magic
 + Level 2.8 Air Magic
 + Level 2.8 Earth Magic
 + Level 2.8 Poison Magic
 + Level 3.8 Invocations
 + Level 3.4 Evocations


You had 13 spell levels left.
You didn't know any spells.
Your spell library contained the following spells:

 Spells                   Type           Power      Damage    Failure   Level
 Freeze                   Ice            32%        1d5       91%         1
 Sublimation of Blood     Necr           8%         N/A       97%         2
 Wereblood                Tmut           8%         N/A       97%         2
 Frozen Ramparts          Ice            16%        1d3       99%         3
 Hailstorm                Conj/Ice       8%         3d4       100%        4
 Summon Hydra             Summ           Unusable   N/A       N/A         7

Dungeon Overview and Level Annotations

Branches:
Dungeon (6/15)             Temple (1/1) D:4

Altars:
Cheibriados
Dithmenos
Elyvilon
Gozag
Hepliaklqana
Kikubaaqudgha
Makhleb
Nemelex Xobeh
Okawaru
Qazlal
Trog
Uskayaw
Vehumet
Wu Jian
Yredelemnul
Zin

Shops:
D:1 ?


Innate Abilities, Weirdness & Mutations

You have very sharp teeth.
Your uncanny sense of smell can sniff out nearby items.
Your experience applies equally to all skills.


Message History

The black bear bites you but does no damage.
The black bear claws you but does no damage. x2
You closely miss the black bear.
The black bear is severely wounded.
The black bear bites you but does no damage.
The black bear claws you but does no damage.
The black bear claws you.
* * * LOW HITPOINT WARNING * * *
You hit the black bear.
The black bear is severely wounded.
The black bear bites you but does no damage.
The black bear claws you but does no damage. x2
You hit the black bear but do no damage.
The black bear is severely wounded.
The black bear bites you.
* * * LOW HITPOINT WARNING * * *
The black bear claws you but does no damage. x2
You hit the black bear.
You bite the black bear, but do no damage.
The black bear is almost dead.
You closely miss the black bear.
The black bear is almost dead.
The black bear goes berserk!
You hit the black bear. Your punch misses the black bear.
The black bear is almost dead.
The black bear bites you but does no damage.
The black bear claws you.
* * * LOW HITPOINT WARNING * * *
The black bear closely misses you. The black bear bites you!
* * * LOW HITPOINT WARNING * * *
The black bear claws you.
* * * LOW HITPOINT WARNING * * *
The black bear claws you.
* * * LOW HITPOINT WARNING * * *
You closely miss the black bear.
The black bear is almost dead.
The black bear bites you.
* * * LOW HITPOINT WARNING * * *
The black bear claws you.
You die...

............>#.########.#
........####.#....>..##.#
.#......# #.#######.##.##
#......####.# #......
#....#......# #.##.##
#....#..###.#### ####.#
......+.......... #.#
......##..##.#### #.#
..##. ##@# #.# .. #h# #.#
#.o...o# #.# .........
#.. .........# ........!#
.......... ........#.
..<.....#..


You could see a black bear (berserk) and an orc.

Vanquished Creatures
  A water moccasin (D:6)
  An ice beast (D:5)
  A centaur (D:5)
  A black bear (D:5)
  An ogre (D:5)
  The ghost of jlumianski the Sneak, an amateur DsDe of Hepliaklqana (D:3)
  A kobold brigand (D:5)
  A bullfrog (D:4)
  4 scorpions (D:5)
  2 jellies
  An orc priest (D:5)
  4 iguanas (D:5)
  An orc wizard (D:5)
  A river rat (D:3)
  12 adders
  2 ufetubi (D:5)
  2 worms
  3 dart slugs
  12 orcs
  7 ball pythons
  12 bats
  5 endoplasms
  7 giant cockroaches
  5 hobgoblins
  8 jackals
  5 quokkas
  2 frilled lizards
  7 goblins
  8 kobolds
  5 rats
123 creatures vanquished.

Notes
Turn   | Place    | Note
-------+----------+-------------------------------------------
     0 | D:1      | bande the Gnoll Wanderer began the quest for the Orb.
     0 | D:1      | bande set off with the following items: a +2 falchion, a +0
                  | hand crossbow, a +0 pair of boots, a potion of curing, a +0
                  | robe
     0 | D:1      | Reached XP level 1. HP: 20/20 MP: 1/1
    94 | D:1      | Reached XP level 2. HP: 18/26 MP: 2/2
   565 | D:1      | Reached XP level 3. HP: 31/31 MP: 3/3
  1150 | D:1      | Found Mexzeal's Magic Scroll Boutique.
  1397 | D:1      | Reached skill level 1 in Invocations
  1645 | D:2      | Reached skill level 1 in Short Blades
  1645 | D:2      | Reached skill level 1 in Axes
  1645 | D:2      | Reached skill level 1 in Maces & Flails
  1645 | D:2      | Reached skill level 1 in Polearms
  1645 | D:2      | Reached skill level 1 in Staves
  1645 | D:2      | Reached skill level 1 in Slings
  1645 | D:2      | Reached skill level 1 in Bows
  1645 | D:2      | Reached skill level 1 in Throwing
  1645 | D:2      | Reached skill level 1 in Stealth
  1645 | D:2      | Reached skill level 1 in Shields
  1645 | D:2      | Reached skill level 1 in Unarmed Combat
  1645 | D:2      | Reached skill level 1 in Spellcasting
  1645 | D:2      | Reached skill level 1 in Evocations
  1645 | D:2      | Reached XP level 4. HP: 31/38 MP: 5/5
  2052 | D:2      | Reached skill level 1 in Conjurations
  2052 | D:2      | Reached skill level 1 in Hexes
  2052 | D:2      | Reached skill level 1 in Summonings
  2052 | D:2      | Reached skill level 1 in Necromancy
  2052 | D:2      | Reached skill level 1 in Translocations
  2052 | D:2      | Reached skill level 1 in Transmutations
  2052 | D:2      | Reached skill level 1 in Fire Magic
  2052 | D:2      | Reached skill level 1 in Ice Magic
  2052 | D:2      | Reached skill level 1 in Air Magic
  2052 | D:2      | Reached skill level 1 in Earth Magic
  2052 | D:2      | Reached skill level 1 in Poison Magic
  2501 | D:2      | Reached XP level 5. HP: 43/43 MP: 6/6
  2907 | D:3      | Found an opulent altar of Gozag.
  3406 | D:3      | Found a faded altar of an unknown god.
  3430 | D:3      | HP: 2/43 [orc/+0 trident (4)]
  3882 | D:3      | Found a runed translucent door.
  3885 | D:3      | Noticed jlumianski's ghost (amateur DsDe)
  4477 | D:3      | Killed jlumianski's ghost
  4478 | D:3      | Reached XP level 6. HP: 31/50 MP: 8/8
  4888 | D:4      | Reached skill level 5 in Fighting
  4888 | D:4      | Reached skill level 5 in Dodging
  5350 | D:4      | Found a staircase to the Ecumenical Temple.
  5363 | Temple   | Entered the Ecumenical Temple
  5476 | Temple   | Became a worshipper of Warmaster Okawaru
  6051 | D:5      | Entered Level 5 of the Dungeon
  6152 | D:5      | Reached XP level 7. HP: 56/56 MP: 10/10
  6821 | D:5      | Reached skill level 9 in Long Blades
  7475 | D:5      | Reached * piety under Okawaru
  7476 | D:5      | Reached XP level 8. HP: 16/63 MP: 12/12
  8060 | D:5      | HP: 3/63 [poisoned by a scorpion]
  8065 | D:5      | HP: 3/63 [poisoned by a scorpion]
  9008 | D:6      | HP: 2/64 [black bear (4)]
  9009 | D:6      | Slain by a black bear

Illustrated notes

Levels and vault maps discovered:
D:1:      erik_arrival_cave_to_civilisation [erik_arrival_cave_to_hall],
          layout_basic, serial_shops, nicolae_shop_behind_doors
D:2:      layout_loops_corners, minmay_misc_feat_tiny, st_stairs_11,
          grunt_ministairs_8
D:3:      layout_loops_ring, mainiacjoe_overflow_small_starburst,
          gup_sewer_entry_bubbles, ebering_ghost_sewer_d,
          dreamdust_ecumenical_altar_grove, kennysheep_donut
D:4:      layout_cave_pods, minmay_temple_entry_stoned_glass,
          minmay_misc_feat_doors
D:5:      minmay_chambers_of_threes, layout_loops_ring
D:6:      layout_basic
Temple:   mainiacjoe_temple_hex_bubbles

Skill      XL: |  1  2  3  4  5  6  7  8 |
---------------+-------------------------+-----
Invocations    | 1 2 3 |  3.8
Short Blades   | 1 2 3 |  3.4
Axes           | 1 2 3 |  3.4
Maces & Flails | 1 2 3 |  3.4
Polearms       | 1 2 3 |  3.4
Staves         | 1 2 3 |  3.4
Slings         | 1 2 3 |  3.4
Bows           | 1 2 3 |  3.4
Throwing       | 1 2 3 |  3.4
Stealth        | 1 2 3 |  3.4
Shields        | 1 2 3 |  3.4
Unarmed Combat | 1 2 3 |  3.4
Spellcasting   | 1 2 3 |  3.4
Evocations     | 1 2 3 |  3.4
Conjurations   | 1 2 |  2.8
Hexes          | 1 2 |  2.8
Summonings     | 1 2 |  2.8
Necromancy     | 1 2 |  2.8
Translocations | 1 2 |  2.8
Transmutations | 1 2 |  2.8
Fire Magic     | 1 2 |  2.8
Ice Magic      | 1 2 |  2.8
Air Magic      | 1 2 |  2.8
Earth Magic    | 1 2 |  2.8
Poison Magic   | 1 2 |  2.8
Crossbows      | 3 4 |  4.3
Armour         | 3 4 |  4.3
Fighting       | 5 |  5.8
Dodging        | 5 |  5.8
Long Blades    | 9 |  9.2

Action                   |  1- 3 |  4- 6 |  7- 9 || total
-------------------------+-------+-------+-------++-------
Melee: Falchion          |     8 |   103 |   184 ||   295
       Bite              |       |     7 |    32 ||    39
       Punch             |       |       |     8 ||     8
 Fire: Hand crossbow     |   111 |   169 |       ||   280
  Use: Scroll            |       |    13 |     4 ||    17
       Potion            |       |       |     6 ||     6
Armor: Robe              |    16 |       |       ||    16
       Ring mail         |    11 |    15 |       ||    26
       Chain mail        |       |   133 |   174 ||   307
Dodge: Dodged            |    99 |   125 |    87 ||   311

Table legend: (Time is in decaauts)
 A = Elapsed time spent in this place.
 B = Non-inter-level travel time spent in this place.
 C = Inter-level travel time spent in this place.
 D = Time resting spent in this place.
 E = Time spent auto-exploring this place.
 F = Levels seen in this place.
 G = Mean time per level.
                   A        B        C        D        E       F      G
               +--------+--------+--------+--------+--------+-----+--------+
         Total |   9178 |   8970 |    208 |   2846 |   4797 |   7 | 1311.1 |
       Dungeon |   8996 |   8853 |    143 |   2846 |   4692 |   6 | 1499.3 |
        Temple |    181 |    116 |     65 |      0 |    105 |   1 |  181.0 |
               +--------+--------+--------+--------+--------+-----+--------+

Top non-repeatable levels by time:
     D:5: 2391 daAuts
     D:3: 2010 daAuts
     D:1: 1607 daAuts
     D:4: 1482 daAuts
     D:2: 1412 daAuts
  Temple: 181 daAuts
     D:6: 91 daAuts
